 Dungeon Crawl Stone Soup version 0.26-a0-962-g9b92081034 (webtiles) character file.

Game seed: 13905150976997073360

104 Alado the Skirmisher (level 4, -4/37 HPs)
             Began as a Demonspawn Abyssal Knight on Dec 2, 2020.
             Was a Believer of Lugonu.
             Killed by divine providence
             ... invoked by an orc priest
              (15 damage)
             ... on level 3 of the Dungeon.
             The game lasted 00:17:59 (1914 turns).

Alado the Skirmisher (Demonspawn Abyssal Knight)    Turns: 1914, Time: 00:18:00

Health: -4/37      AC:  4    Str: 13      XL:     4   Next: 52%
Magic:  5/5        EV: 11    Int: 13 (14) God:    Lugonu [**....]
Gold:   103        SH:  0    Dex: 12      Spells: 3/3 levels left

rFire    . . .     SeeInvis +   d - +0 mace (venom)
rCold    . . .     Faith    .   (no shield)
rNeg     . . .     Spirit   .   b - +0 leather armour
rPois    .         Reflect  .   (no helmet)
rElec    .         Harm     .   (no cloak)
rCorr    .         Rampage  .   (no gloves)
MR       .....                  (no boots)
Stlth    +.........             (no amulet)
HPRegen  0.12/turn              c - ring of see invisible
MPRegen  0.09/turn              (no ring)

@: no status effects
A: talons 1, sharp scales 1
a: Depart the Abyss, Bend Space, Renounce Religion


You were on level 3 of the Dungeon.
You worshipped Lugonu.
Lugonu was pleased with you.
You visited 1 branch of the dungeon, and saw 3 of its levels.
You visited the Abyss 1 time.

You collected 103 gold pieces.

Inventory:

Hand Weapons
 d - a +0 mace of venom (weapon)
 f - a +1 spear
 g - a +1 hand axe of freezing
 h - a +0 hunting sling
Missiles
 e - 2 curare-tipped darts
 i - 36 stones (quivered)
Armour
 b - a +0 leather armour (worn)
Jewellery
 c - a ring of see invisible (left hand)
Scrolls
 a - a scroll of amnesia {unknown}


   Skills:
 + Level 3.8 Fighting
 + Level 2.6 Polearms
 + Level 0.8 Throwing
 + Level 2.3 Armour
 + Level 1.4 Dodging
 + Level 0.3 Stealth
 + Level 2.5 Invocations


You had 3 spell levels left.
You didn't know any spells.
Your spell library was empty.

Dungeon Overview and Level Annotations

Branches:
Dungeon (3/15)

Altars:
Dithmenos


Innate Abilities, Weirdness & Mutations

You have sharp toenails.
You are partially covered in razor-sharp scales. (AC +1, Slay +1)


Message History

You kill the hobgoblin!
Lugonu accepts your kill.
An orc priest comes into view. It is wielding a -3 flail.
Hit: d) +0 mace (venom)
Press: ? - help, Dir - move target, f - you That would be overly suicidal.
Okay, then.
You hit the orc.
The orc is poisoned.
You claw the orc.
You kill the orc!
Lugonu accepts your kill.
The orc priest mumbles some strange prayers to Beogh against you.
Beogh smites you!
The orc priest calls down the wrath of Beogh upon you.
Pain shoots through your body!
* * * LOW HITPOINT WARNING * * *
You feel your intelligence returning.
You aren't carrying any potions.
The orc priest invokes the aid of Beogh against you.
Beogh smites you!
You die...

## .#..######.# #.
.... .# #$ o##### ###
+.##..oo.o ..# #..<#
#.# ###o# #.#.# #)#
#.#.# #o###########
#.#.# #..@..#.....#
#.#.# #####.#.....#
#.#.. #######.#.....#
#)#..
#.....#.#(....####.#..
#.###.#.#......††..)..
#.###.#.#.....####.##.
#.#..............#.#..
#.#.##........##.#.#..
######'''#########.#..


You could see an orc priest.

Vanquished Creatures
  4 adders (D:2)
  2 dart slugs (D:1)
  A leopard gecko (D:2)
  3 orcs (D:3)
  10 bats
  5 giant cockroaches
  8 goblins
  6 hobgoblins
  2 jackals (D:1)
  4 ball pythons
  3 frilled lizards
  3 kobolds
  9 rats
60 creatures vanquished.

Notes
Turn   | Place    | Note
-------+----------+-------------------------------------------
     0 | Abyss:1  | Alado the Demonspawn Abyssal Knight began the quest for the
                  | Orb.
     0 | Abyss:1  | Reached XP level 1. HP: 18/18 MP: 2/2
     0 | D:1      | Escaped the Abyss
   202 | D:1      | Reached * piety under Lugonu
   214 | D:1      | Gained mutation: You have sharp toenails. [demonic
                  | ancestry]
   214 | D:1      | Reached XP level 2. HP: 22/24 MP: 3/3
   516 | D:1      | Reached skill level 1 in Dodging
   640 | D:1      | Gained mutation: You are partially covered in razor-sharp
                  | scales. (AC +1, Slay +1) [demonic ancestry]
   640 | D:1      | Reached XP level 3. HP: 29/30 MP: 4/4
  1298 | D:2      | Found a shadowy altar of Dithmenos.
  1377 | D:2      | Reached XP level 4. HP: 25/37 MP: 5/5
  1829 | D:3      | Reached ** piety under Lugonu
  1914 | D:3      | Killed from afar by an orc priest

Illustrated notes

Levels and vault maps discovered:
D:1:      dpeg_arrival_castle, layout_loops_corners
D:2:      layout_rooms, lemuel_crystal_altar, chequers_garden
D:3:      layout_basic, minmay_liquid_box, nemelex_altar_shiori

Skill      XL: |  1  2 |
---------------+-------+-----
Armour         | 2 |  2.3
Dodging        | 1 |  1.4
Polearms       | 2 |  2.6
Fighting       | |  3.8
Throwing       | |  0.8
Stealth        | |  0.3
Invocations    | |  2.5

Action                   |  1- 3 |  4- 6 || total
-------------------------+-------+-------++-------
Melee: Spear             |   107 |    35 ||   142
       Kick              |    11 |     2 ||    13
       Mace              |       |     2 ||     2
Throw: Dart              |    12 |       ||    12
Invok: Depart the Abyss  |     1 |       ||     1
  Use: Scroll            |     4 |     3 ||     7
       Potion            |     1 |     1 ||     2
 Stab: Sleeping          |       |     1 ||     1
Armor: Leather armour    |    23 |     7 ||    30
Dodge: Dodged            |    48 |    17 ||    65

Table legend: (Time is in decaauts)
 A = Elapsed time spent in this place.
 B = Non-inter-level travel time spent in this place.
 C = Inter-level travel time spent in this place.
 D = Time resting spent in this place.
 E = Time spent auto-exploring this place.
 F = Levels seen in this place.
 G = Mean time per level.
                   A        B        C        D        E       F      G
               +--------+--------+--------+--------+--------+-----+--------+
         Total |   1914 |   1874 |     40 |    288 |   1186 |   4 |  478.5 |
       Dungeon |   1914 |   1874 |     40 |    288 |   1186 |   3 |  638.0 |
         Abyss |      0 |      0 |      0 |      0 |      0 |   1 |    0.0 |
               +--------+--------+--------+--------+--------+-----+--------+

Top non-repeatable levels by time:
     D:1: 943 daAuts
     D:2: 827 daAuts
     D:3: 143 daAuts
